 Dungeon Crawl Stone Soup version 0.25-a0-294-gea9b1ad378 (webtiles) character file.

Game seed: 11884935791495220607, levelgen mode: deterministic

15209 Error4North the Blocker (level 12, -5/116 HPs)
             Began as a Hill Orc Fighter on Dec 17, 2019.
             Was a High Priest of Okawaru.
             Slain by a tentacled starspawn (24 damage)
             ... on level 1 of the Abyss on Dec 18, 2019.
             The game lasted 01:47:56 (15128 turns).

Error4North the Blocker (Hill Orc Fighter)         Turns: 15128, Time: 01:47:57

Health: -5/116     AC: 20    Str: 22    XL:     12   Next: 24%
Magic:  16/16      EV:  9    Int: 17    God:    Okawaru [*****.]
Gold:   312        SH: 13    Dex: 15    Spells: 16/17 levels left

rFire    . . .     SeeInvis .   a - +12 war axe of Flawed Execution {drain, *Drain rElec rN+ Int+7}
rCold    . . .     Gourm    .   c - +1 shield
rNeg     + + .     Faith    .   z - +5 scale mail of New Discoveries {rN+ Dex+3 Stlth+}
rPois    .         Spirit   .   g - +2 helmet
rElec    +         Reflect  .   D - scarf {cloud immunity}
rCorr    .         Harm     .   w - +1 pair of gloves
MR       .....                  (no boots)
Stlth    ++........             (no amulet)
HPRegen  0.29/turn              m - ring of stealth
MPRegen  0.15/turn              (no ring)

@: heavily drained
A: thin metallic scales 1, agile 1, sense surroundings 1, robust 1
a: Heroism, Finesse, Renounce Religion


You were on level 1 of the Abyss.
You worshipped Okawaru.
Okawaru was extremely pleased with you.
You were hungry.

You visited 2 branches of the dungeon, and saw 13 of its levels.
You visited the Abyss 1 time.
You also visited: Sewer.

You collected 814 gold pieces.
You spent 502 gold pieces at shops.

Inventory:

Hand Weapons
 a - the +12 war axe of Flawed Execution (weapon) {drain, *Drain rElec rN+ Int+7}
   (You found it on level 12 of the Dungeon)

   A truly terrible weapon, it drains the life of those it strikes.
   It affects your intelligence (+7).
   It insulates you from electricity.
   It protects you from negative energy.
   It causes draining when unequipped.
 v - a +2 flail of holy wrath
 F - a +7 flail of protection
 M - a +1 broad axe of chopping
 S - a +0 fustibalus
Missiles
 i - 258 stones (quivered)
 y - 131 sling bullets
 J - 7 silver boomerangs
Armour
 c - a +1 shield (worn)
 g - a +2 helmet (worn)
 t - a +0 cloak
 w - a +1 pair of gloves (worn)
 z - the +5 scale mail of New Discoveries (worn) {rN+ Dex+3 Stlth+}
   (You found it on level 10 of the Dungeon)

   It affects your dexterity (+3).
   It protects you from negative energy.
   It makes you more stealthy.
 D - a scarf of cloud immunity (worn)
 E - a +1 chain mail of positive energy
Jewellery
 m - a ring of stealth (left hand)
Wands
 h - a wand of enslavement (3)
 x - a wand of random effects (17)
 A - a wand of iceblast (21)
 H - a wand of disintegration (11)
 O - a wand of digging (2)
 P - a wand of flame (9)
 Q - a wand of paralysis (3)
Scrolls
 b - 3 scrolls of amnesia
 e - 6 scrolls of remove curse
 l - 5 scrolls of magic mapping
 o - 5 scrolls of teleportation
 r - 12 scrolls of identify
 s - 2 scrolls of enchant weapon {unknown}
 u - 5 scrolls of fear
 G - 2 scrolls of noise {unknown}
 K - a scroll of acquirement {unknown}
 N - 3 scrolls of immolation {unknown}
Potions
 j - a potion of mutation
 n - 2 potions of agility
 p - a potion of flight {unknown}
 C - a potion of haste {unknown}
 I - a potion of brilliance
 L - a potion of lignification
Miscellaneous
 k - a crystal ball of energy
Comestibles
 f - 16 rations


   Skills:
 * Level 10.0(8.6) Fighting
 * Level 8.6(8.7) Axes
 + Level 7.0(7.1) Maces & Flails
 + Level 4.1(3.0) Slings
 + Level 0.5(1.5) Throwing
 * Level 9.5(8.1) Armour
 + Level 2.9(1.8) Dodging
 + Level 0.9(0.0) Stealth
 * Level 10.2(8.8) Shields
 + Level 3.2(2.1) Spellcasting
 * Level 4.6(3.4) Invocations
 * Level 5.0(3.8) Evocations


You had 16 spell levels left.
You knew the following spells:

 Your Spells              Type           Power        Failure   Level  Hunger
a - Summon Small Mammal   Summ           #...         69%         1    #......

Your spell library contained the following spells:

 Spells                   Type           Power        Failure   Level  Hunger
 Call Imp                 Summ           #.......     83%         2    ###....
 Call Canine Familiar     Summ           #.......     96%         3    ###....
 Summon Guardian Golem    Hex/Summ       #.......     96%         3    ###....
 Summon Ice Beast         Ice/Summ       #.......     100%        4    #####..
 Summon Lightning Spire   Summ/Air       #.......     100%        4    #####..


Dungeon Overview and Level Annotations

Branches:
Dungeon (12/15)            Temple (1/1) D:7            Lair (0/6) D:10
    Orc (0/2) D:10          Sewer (visited)

Altars:
Ashenzari
Cheibriados
Dithmenos
Elyvilon
Fedhas
Gozag
Hepliaklqana
Kikubaaqudgha
Makhleb
Nemelex Xobeh
Okawaru
Sif Muna
Trog
Uskayaw
Vehumet
Wu Jian
Xom
Yredelemnul
Zin
The Shining One

Shops:
D:6 :[[   D:8 %   D:9 *   D:12 *

Annotations:
D:6 Prince Ribbit
D:12 Sonja


Innate Abilities, Weirdness & Mutations

You are partially covered in thin metallic scales. (AC +2)
You are agile. (Dex +2)
You passively map a small area around you.
You are robust. (+10% HP)


Message History

You hit the large abomination but do no damage.
The large abomination is heavily damaged.
The starspawn tentacle closely misses you.
The starspawn tentacle grabs you. The starspawn tentacle constricts you.
You closely miss the large abomination.
The large abomination is heavily damaged.
You slash the starspawn tentacle! x2; The large abomination hits you!!
* * * LOW HITPOINT WARNING * * *
The starspawn tentacle loses its grip on you.
The tentacle pulls you backwards!
You feel better. The large abomination hits you!
* * * LOW HITPOINT WARNING * * *
Evoke which item? (* to show all) (? for menu, Esc to quit)
Aiming: Disintegrate
Press: ? - help, Shift-Dir - straight line, f - tentacled starspawn
Aim: a tentacled starspawn (moderately damaged, chance to defeat MR: 7%)
The tentacled starspawn resists with almost no effort.
The tentacled starspawn bites you!!
You die...

. # #. .# .. ## .
#. ##.### .##
#.#.#..###..#.#
###..#........#
###..##.X#...#..#
.###.@X#####..#
#.#...#..# ##
.#.#..##.#
#.##..# ..
###...### #..
#.....## ..
..#.### #. # X..#
. X . . .....


You could see a tentacled starspawn and a large abomination.

Vanquished Creatures
  2 two-headed ogres
  A sixfirhy (Abyss:1)
  An unseen horror (D:10)
  Pikel (D:7)
  A worldbinder (Abyss:1)
  4 ugly things
  A fire giant skeleton (Abyss:1)
  A smoke demon (Abyss:1)
  A gargoyle (D:11)
  A troll (D:11)
  Grinder (D:6)
  2 hippogriffs
  3 wyverns
  A human (D:9)
  3 yaks
  3 hungry ghosts
  A chaos spawn (Abyss:1)
  Edmund (D:6)
  An acid dragon (D:12)
  A large abomination (Abyss:1)
  A water moccasin (D:12)
  Duvessa (D:6)
  3 sky beasts
  An eye of draining (Abyss:1)
  7 ice beasts
  6 orc warriors
  A black bear (D:8)
  A necrophage (D:8)
  2 phantoms
  7 ogres
  2 small abominations (Abyss:1)
  6 centaurs
  4 big kobolds
  10 bullfrogs
  Dowan (D:6)
  A water moccasin zombie (D:8)
  2 scorpions
  A water moccasin skeleton (D:8)
  3 wights (D:10)
  3 howler monkeys
  A crimson imp (D:8)
  2 quasits
  3 bullfrog zombies
  2 jellies
  2 centaur skeletons
  2 centaur zombies
  9 orc wizards
  6 hounds
  4 orc priests
  A gnoll shaman (D:9)
  6 bullfrog skeletons
  5 iguanas
  11 worker ants
  A hound zombie (D:9)
  4 howler monkey zombies
  A worker ant zombie (D:10)
  4 gnolls
  18 adders
  2 shadow imps
  A white imp (Abyss:1)
  3 oozes
  6 worms
  6 dart slugs
  9 leopard geckos
  67 orcs
  5 ball pythons
  10 giant cockroaches
  5 hobgoblins
  28 jackals
  7 quokkas
  3 bats
  16 frilled lizards
  9 goblins
  3 jackal skeletons
  23 kobolds
  A leopard gecko zombie (D:5)
  9 rats
389 creatures vanquished.

Vanquished Creatures (others)
  3 slaves (D:7)
  An adder (D:3)
  An adder skeleton (D:7)
  2 orcs (D:7)
  A kobold (D:8)
  2 starspawn tentacles (Abyss:1)
10 creatures vanquished.

Grand Total: 399 creatures vanquished

Notes
Turn   | Place    | Note
-------+----------+-------------------------------------------
     0 | D:1      | Error4North the Hill Orc Fighter began the quest for the
                  | Orb.
     0 | D:1      | Reached XP level 1. HP: 19/19 MP: 1/1
    31 | D:1      | Reached XP level 2. HP: 20/27 MP: 2/2
   221 | D:1      | Reached XP level 3. HP: 24/33 MP: 3/3
  1141 | D:2      | Reached XP level 4. HP: 40/40 MP: 4/4
  1276 | D:2      | Reached skill level 1 in Slings
  1473 | D:2      | Reached XP level 5. HP: 45/46 MP: 5/5
  1695 | D:2      | Found a glowing golden altar of the Shining One.
  1695 | D:2      | Found a white marble altar of Elyvilon.
  1695 | D:2      | Found a glowing silver altar of Zin.
  2719 | D:4      | Reached XP level 6. HP: 43/53 MP: 6/6
  2764 | D:4      | Reached skill level 1 in Maces & Flails
  2791 | D:4      | Noticed a phantom
  3128 | D:4      | Reached XP level 7. HP: 60/60 MP: 7/7
  3140 | D:4      | Reached skill level 5 in Axes
  3140 | D:4      | Reached skill level 5 in Armour
  3140 | D:4      | Reached skill level 5 in Shields
  3295 | D:4      | Found a glowing drain.
  3307 | Sewer    | Entered a sewer
  3405 | Sewer    | Reached skill level 1 in Dodging
  3842 | D:4      | Reached skill level 5 in Fighting
  3869 | D:4      | Reached XP level 8. HP: 53/68 MP: 8/8
  4229 | D:5      | Entered Level 5 of the Dungeon
  4939 | D:5      | Found a basalt altar of Yredelemnul.
  4948 | D:5      | Found a hide-covered altar of Uskayaw.
  4948 | D:5      | Found an ancient bone altar of Kikubaaqudgha.
  4949 | D:5      | Found a shattered altar of Ashenzari.
  4949 | D:5      | Found a hazy altar of Hepliaklqana.
  4977 | D:5      | Reached skill level 1 in Spellcasting
  5788 | D:6      | Found Yzaenk's Book Emporium.
  5870 | D:6      | Noticed Grinder
  5870 | D:6      | Paralysed by Grinder for 6 turns
  5960 | D:6      | Reached XP level 9. HP: 75/75 MP: 11/11
  6087 | D:6      | Paralysed by Grinder for 5 turns
  6094 | D:6      | Paralysed by Grinder for 7 turns
  6101 | D:6      | Killed Grinder
  6534 | D:6      | Noticed Duvessa
  6534 | D:6      | Noticed Dowan
  6561 | D:6      | Killed Duvessa
  6572 | D:6      | Killed Dowan
  6642 | D:6      | Found Eliom's Armour Boutique.
  6655 | D:6      | Bought a scarf of cloud immunity for 91 gold pieces
  6655 | D:6      | Bought a +1 chain mail of positive energy for 175 gold
                  | pieces
  6854 | D:6      | Noticed Edmund
  6870 | D:6      | Killed Edmund
  6980 | D:6      | Found Guoxile's Armour Emporium.
  7057 | D:6      | Noticed Prince Ribbit
  7517 | D:7      | Reached skill level 1 in Evocations
  7664 | D:7      | Found a staircase to the Ecumenical Temple.
  7686 | D:7      | Noticed Pikel
  7712 | D:7      | Killed Pikel
  7712 | D:7      | Reached XP level 10. HP: 82/86 MP: 12/14
  7753 | Temple   | Entered the Ecumenical Temple
  7764 | Temple   | Became a worshipper of Warmaster Okawaru
  8590 | D:8      | Reached * piety under Okawaru
  8989 | D:8      | Found Siqin's Food Shoppe.
  8998 | D:8      | Bought a ration for 55 gold pieces
  8998 | D:8      | Bought a ration for 55 gold pieces
  9021 | D:8      | Found a bloodstained altar of Trog.
  9580 | D:9      | Reached skill level 5 in Maces & Flails
  9866 | D:9      | Found Idiets's Assorted Antiques.
  9908 | D:9      | Learned a level 1 spell: Summon Small Mammal
 10195 | D:9      | Reached ** piety under Okawaru
 10206 | D:9      | Found a bloodstained altar of Trog.
 10597 | D:10     | Entered Level 10 of the Dungeon
 10670 | D:10     | Reached XP level 11. HP: 95/95 MP: 15/15
 10754 | D:10     | Found a staircase to the Lair.
 10807 | D:10     | Got a bronze scale mail
 10809 | D:10     | Identified the +5 scale mail of New Discoveries {rN+ Dex+3
                  | Stlth+} (You found it on level 10 of the Dungeon)
 11016 | D:10     | Killed an unseen horror
 11016 | D:10     | Reached skill level 1 in Invocations
 11373 | D:10     | Found a staircase to the Orcish Mines.
 11932 | D:11     | Noticed a brown ugly thing
 11948 | D:11     | Killed a brown ugly thing
 11948 | D:11     | Reached *** piety under Okawaru
 12241 | D:11     | Noticed a green ugly thing
 12256 | D:11     | Killed a green ugly thing
 12605 | D:11     | Noticed a two-headed ogre
 12617 | D:11     | Killed a two-headed ogre
 13197 | D:11     | Reached **** piety under Okawaru
 13273 | D:12     | Noticed a red ugly thing
 13291 | D:11     | Gained mutation: You are partially covered in thin metallic
                  | scales. (AC +2) [potion of mutation]
 13291 | D:11     | Gained mutation: You are agile. (Dex +2) [potion of
                  | mutation]
 13291 | D:11     | Gained mutation: You passively map a small area around you.
                  | [potion of mutation]
 13291 | D:11     | Gained mutation: You are robust. (+10% HP) [potion of
                  | mutation]
 13302 | D:11     | Killed a red ugly thing
 13680 | D:12     | Noticed Sonja
 13808 | D:12     | Found Lyis's General Store.
 14498 | D:12     | Got a faintly glowing war axe
 14509 | D:12     | Noticed a purple ugly thing
 14599 | D:12     | Bought a potion of heal wounds for 60 gold pieces
 14599 | D:12     | Bought a scroll of fear for 42 gold pieces
 14599 | D:12     | Bought a scroll of identify for 24 gold pieces
 14606 | D:12     | Noticed a two-headed ogre
 14612 | D:12     | Killed a two-headed ogre
 14612 | D:12     | Reached ***** piety under Okawaru
 14791 | D:11     | Identified the +12 war axe of Flawed Execution {drain,
                  | *Drain rElec rN+ Int+7} (You found it on level 12 of the
                  | Dungeon)
 14851 | D:12     | Killed a purple ugly thing
 14851 | D:12     | Reached XP level 12. HP: 116/116 MP: 16/16
 14873 | D:12     | Cast into level 1 of the Abyss (Sonja)
 14941 | Abyss:1  | Reached skill level 10 in Shields
 14941 | Abyss:1  | Reached skill level 5 in Evocations
 15014 | Abyss:1  | Received a gift from Okawaru
 15092 | Abyss:1  | Reached skill level 10 in Fighting
 15117 | Abyss:1  | Noticed a tentacled starspawn
 15128 | Abyss:1  | Slain by a tentacled starspawn

Levels and vault maps discovered:
D:1:      lightli_arrival_chessboard, layout_loops_ring, minmay_pentomino_p2
D:2:      layout_loops_ring, good_gods_mini_temple, kennysheep_nondescript
D:3:      minmay_recursive_quarters, layout_loops_ring, first_ration,
          lemuel_flame_loot_1
D:4:      layout_loops_ring, portal_sewer_entry_b
D:5:      layout_basic, grunt_temple_overflow_open
D:6:      layout_basic, serial_shops, kennysheep_mini, shop, nicolae_shop_stone,
          grunt_ministairs_2, uniq_prince_ribbit1, uniq_edmund, uniq_duvessa,
          uniq_grinder
D:7:      layout_loops_ring, minmay_temple_entry_water_ring,
          dk_rats_in_the_wall, uniq_pikel
D:8:      layout_basic, kennysheep_mini_moat, serial_shops, shop
D:9:      layout_basic, basic_altar, serial_shops,
          nicolae_shop_overgrown_old_shop, grunt_pizzeria, minmay_starry_boxes
D:10:     layout_small_grid, lair_entry_dummy, orc_0_dummy
D:11:     layout_long_grid
D:12:     layout_cave_pools, serial_shops, shop, drop_trap, uniq_sonja
Temple:   cyrus_circular_temple
Abyss:1:  base:
D:12

Skill      XL: |  1  2  3  4  5  6  7  8  9 10 11 12 |
---------------+-------------------------------------+-----
Fighting       | 4 5 6 7 8 9 10 | 10.0
Axes           | 3 4 5 7 8 |  8.6
Armour         | 4 5 6 7 8 9 |  9.5
Slings         | 1 2 3 4 |  4.1
Shields        | 4 5 6 7 8 9 10 | 10.2
Maces & Flails | 1 3 5 7 |  7.0
Dodging        | 1 2 |  2.9
Spellcasting   | 1 2 3 |  3.2
Evocations     | 1 3 4 5 |  5.0
Invocations    | 3 4 |  4.6
Throwing       | |  0.5
Stealth        | |  0.9

Action                   |  1- 3 |  4- 6 |  7- 9 | 10-12 || total
-------------------------+-------+-------+-------+-------++-------
Melee: War axe           |    93 |   171 |   349 |    72 ||   685
       Flail             |       |    21 |   128 |   571 ||   720
 Fire: Hunting sling     |    25 |    38 |    94 |    71 ||   228
       Fustibalus        |       |       |       |    46 ||    46
Throw: Stone             |     6 |     3 |    12 |    20 ||    41
Invok: Heroism           |       |       |       |     1 ||     1
Evoke: Wand              |       |       |     5 |     4 ||     9
  Use: Potion            |     1 |     4 |     4 |    14 ||    23
       Scroll            |       |       |     6 |     4 ||    10
 Stab: Sleeping          |       |       |       |     1 ||     1
  Eat: Chunk             |     1 |     4 |     6 |     7 ||    18
       Ration            |       |     1 |     4 |     6 ||    11
Armor: Scale mail        |    43 |   129 |    54 |   259 ||   485
       Ring mail         |       |       |   138 |       ||   138
       Chain mail        |       |       |    59 |   142 ||   201
       Skin              |       |       |    19 |       ||    19
Dodge: Dodged            |    25 |    79 |   165 |   226 ||   495
Block: Shield            |    52 |   117 |   340 |   456 ||   965

Table legend:
 A = Non-vault XP
 B = Vault XP
 C = Vault XP percentage of total XP
 D = Non-vault monster count
 E = Vault monster count
 F = Vault count percentage of total count
                 A         B        C        D         E       F
            +---------+---------+-------+---------+---------+-------
      Total |   19482 |    2246 |  10.3 |     346 |      45 |  11.5
            +---------+---------+-------+---------+---------+-------
        D:1 |      46 |       3 |   6.1 |      22 |       2 |   8.3
        D:2 |     132 |       0 |   0.0 |      32 |       0 |   0.0
        D:3 |      71 |      58 |  45.0 |      13 |      11 |  45.8
        D:4 |     745 |       8 |   1.1 |      28 |       3 |   9.7
        D:5 |     871 |       0 |   0.0 |      39 |       0 |   0.0
        D:6 |     550 |     806 |  59.4 |      13 |       6 |  31.6
        D:7 |    1295 |     641 |  33.1 |      36 |       1 |   2.7
        D:8 |    2215 |       0 |   0.0 |      49 |       0 |   0.0
        D:9 |     904 |     454 |  33.4 |      20 |       3 |  13.0
       D:10 |    1627 |       0 |   0.0 |      26 |       0 |   0.0
       D:11 |    4711 |       0 |   0.0 |      29 |       0 |   0.0
       D:12 |    3418 |       0 |   0.0 |      29 |       0 |   0.0
    Abyss:1 |    2897 |       0 |   0.0 |      10 |       0 |   0.0
      Sewer |       0 |     276 | 100.0 |       0 |      19 | 100.0
            +---------+---------+-------+---------+---------+-------
